 Dungeon Crawl Stone Soup version 0.28-a0-206-gc2c9e32840 (webtiles) character file.

Game seed: 57939612942601259

46 Lochraine the Skirmisher (level 3, 0/30 HPs)
             Began as a Formicid Monk on Aug 20, 2021.
             Succumbed to a scorpion's poison
             ... on level 3 of the Dungeon.
             The game lasted 00:04:26 (2227 turns).

Lochraine the Skirmisher (Formicid Monk)            Turns: 2227, Time: 00:04:26

Health: 0/30       AC:  4    Str: 14    XL:     3   Next: 92%
Magic:  3/3        EV: 12    Int:  9    God:
Gold:   143        SH:  0    Dex: 13    Spells: 0/2 levels left

rFire   . . .      SeeInvis +   a - +0 hand axe (protect)
rCold   . . .      Faith    .   (no shield)
rNeg    . . .      Spirit   .   r - +0 leather armour
rPois   .          Reflect  .   (helmet unavailable)
rElec   .          Harm     .   (no cloak)
rCorr   .          Rampage  .   l - +0 pair of gloves
Will    +....                   (no boots)
Stlth   ++........              (no amulet)
HPRegen 0.10/turn               m - ring of wizardry
MPRegen 0.08/turn               h - ring of willpower

@: lethally poisoned (0 -> -13), very slightly contaminated, invisible
A: permanent stasis, dig shafts and tunnels, antennae 3, four strong arms, weak
1, evolution 1, MP-powered wands
a: Dig, Shaft Self


You were on level 3 of the Dungeon.
You visited 1 branch of the dungeon, and saw 3 of its levels.

You collected 143 gold pieces.

Inventory:

Hand Weapons
 a - a +0 hand axe of protection (weapon)
 q - a +0 flail of protection
   (You took it off an orc on level 3 of the Dungeon)
Missiles
 d - 11 javelins
Armour
 b - a +0 robe
 l - a +0 pair of gloves (worn)
   (You found it on level 3 of the Dungeon)
 r - a +0 leather armour (worn)
   (You found it on level 3 of the Dungeon)
Jewellery
 e - a ring of flight
   (You found it on level 1 of the Dungeon)
 h - a ring of willpower (right hand)
   (You found it on level 2 of the Dungeon)
 m - a ring of wizardry (left hand)
   (You found it on level 3 of the Dungeon)
Scrolls
 i - a scroll of summoning {unknown}
 n - a scroll of holy word {unknown}
 o - a scroll of identify {unknown}
 p - a scroll of teleportation {unknown}
Potions
 c - a potion of might {unknown}
 g - a potion of lignification {unknown}


   Skills:
 + Level 4.1 Fighting
 + Level 3.7 Axes
 - Level 2.6 Dodging
 - Level 2.4 Stealth
 + Level 0.3 Necromancy
 + Level 0.2 Air Magic


You couldn't memorise any spells.
You knew the following spells:

 Your Spells              Type           Power      Damage    Failure   Level
a - Corpse Rot            Necr/Air       N/A        N/A       26%         2

Your spell library contained the following spells:

 Spells                   Type           Power      Damage    Failure   Level
 Sublimation of Blood     Necr           0%         N/A       26%         2
 Wereblood                Tmut           0%         N/A       30%         2
 Dispel Undead            Necr           0%         3d6       86%         4
 Death Channel            Necr           0%         N/A       100%        6
 Summon Hydra             Summ           0%         N/A       100%        7


Dungeon Overview and Level Annotations

Branches:
Dungeon (3/15)

Altars:

Annotations:
D:2 exclusion: adder


Innate Abilities, Weirdness & Mutations

You cannot be hasted, slowed, berserked, paralysed or teleported.
You can dig through walls and to a lower floor.
You have a pair of large antennae on your head. (SInv)
Your four strong arms can wield two-handed weapons with a shield.
You are weak. (Str -2)
You have hidden genetic potential.
You expend magic power (3 MP) to strengthen your wands.


Message History

The hobgoblin hits you but does no damage.
You barely miss the hobgoblin. The hobgoblin barely misses you.
You hit the hobgoblin. The hobgoblin barely misses you.
You closely miss the hobgoblin. The hobgoblin hits you.
The hobgoblin closely misses you.
You thump the hobgoblin!
You kill the hobgoblin!
No target in view!
You sense a monster nearby.
A scorpion comes into view.
A scorpion is nearby!
As you read the scroll labelled FEAPLUDWIZEFAY, it crumbles to dust.
It is a scroll of brand weapon.
Your +0 hand axe projects an invisible shield of force!
a - a +0 hand axe of protection Your +0 flail of protection goes still.
Your +0 hand axe of protection hums with potential!
a - a +0 hand axe of protection (weapon)
You barely miss the scorpion. The scorpion stings you.
The scorpion stings you but does no damage.
You hit the scorpion.
Your weapon exudes an aura of protection.
The scorpion stings you but does no damage.
You hit the scorpion but do no damage. The scorpion closely misses you.
You hit the scorpion. The scorpion closely misses you. The scorpion stings you.
You closely miss the scorpion. The scorpion stings you.
You are poisoned.
The scorpion poisons you!
You barely miss the scorpion.
You feel very sick.
The scorpion stings you but does no damage.
You closely miss the scorpion.
You feel sick. The scorpion stings you.
* * * LOW HITPOINT WARNING * * *
You are lethally poisoned!
The scorpion poisons you!
The scorpion stings you but does no damage.
It was a potion of mutation.
You feel extremely strange.
You feel your magical essence link to the dungeon's wands.
You feel weaker.
You feel a hidden potential growing inside you.
* * * LOW HITPOINT WARNING * * *
You feel very sick. The scorpion barely misses you.
It was a potion of invisibility.
You fade into invisibility!
* * * LOW HITPOINT WARNING * * *
You feel very sick. The scorpion closely misses you.
You are very lightly contaminated with residual magic.
You die...

.#.# #...#
#..............# ## ..
..... ..........####.#
. ####... ####......##
#.# .. #### ##.....#
#.# ### #. #......#
#.# ##. #......#####.#
#... ###..........#
#...######...#####..#
#......@.?...## #..#
#..#.†....s....####..#
#######...........#
###...####.## ##.##
#.# #.# #.# #.# #.#
#.# #.# #.# #.#


You could see a scorpion.

Vanquished Creatures
  A dart slug (D:3)
  An orc (D:3)
  7 bats
  2 endoplasms (D:3)
  2 giant cockroaches (D:1)
  3 goblins
  3 hobgoblins
  2 jackals (D:3)
  9 kobolds
  A quokka (D:2)
  5 ball pythons
  A frilled lizard (D:1)
  2 rats
39 creatures vanquished.

Notes
Turn   | Place    | Note
-------+----------+-------------------------------------------
     0 | D:1      | Lochraine the Formicid Monk began the quest for the Orb.
     0 | D:1      | Reached XP level 1. HP: 18/18 MP: 1/1
   297 | D:1      | Reached XP level 2. HP: 21/24 MP: 2/2
  1204 | D:2      | Reached XP level 3. HP: 30/30 MP: 3/3
  1462 | D:2      | Reached skill level 4 in Fighting
  1751 | D:3      | Learned a level 2 spell: Corpse Rot
  2214 | D:3      | Noticed a scorpion
  2225 | D:3      | Gained mutation: You expend magic power (3 MP) to
                  | strengthen your wands. [potion of mutation]
  2225 | D:3      | Gained mutation: You are weak. (Str -2) [potion of
                  | mutation]
  2225 | D:3      | Gained mutation: You have hidden genetic potential. [potion
                  | of mutation]
  2227 | D:3      | Succumbed to a scorpion's poison

Illustrated notes

Levels and vault maps discovered:
D:1:      psy_arrival_fountain, layout_loops_cross, amcnicky_mini_pool_small,
          serial_park_tiny_2
D:2:      layout_rooms
D:3:      layout_loops_ring, nicolae_elyvilon_peaceful_grove,
          hangedman_decor_growths

Skill      XL: |  1  2  3 |
---------------+----------+-----
Fighting       | 4 |  4.1
Axes           | |  3.7
Dodging        | |  2.6
Stealth        | |  2.4
Necromancy     | |  0.3
Air Magic      | |  0.2

Action                   || total
-------------------------++-------
Melee: Hand axe          ||   125
       Flail             ||    10
 Abil: Dig               ||     4
  Use: Potion            ||     2
       Scroll            ||     1
 Stab: Sleeping          ||     5
Armor: Robe              ||    23
       Leather armour    ||     7
Dodge: Dodged            ||    80

Table legend: (Time is in decaauts)
 A = Elapsed time spent in this place.
 B = Non-inter-level travel time spent in this place.
 C = Inter-level travel time spent in this place.
 D = Time resting spent in this place.
 E = Time spent auto-exploring this place.
 F = Levels seen in this place.
 G = Mean time per level.
                   A        B        C        D        E       F      G
               +--------+--------+--------+--------+--------+-----+--------+
         Total |   2243 |   2191 |     52 |    542 |   1089 |   3 |  747.7 |
       Dungeon |   2243 |   2191 |     52 |    542 |   1089 |   3 |  747.7 |
               +--------+--------+--------+--------+--------+-----+--------+

Top non-repeatable levels by time:
     D:1: 1091 daAuts
     D:2: 631 daAuts
     D:3: 520 daAuts
